Map: Galactic Process LE

Players

Nickos - Winner!

  • Race: Terran Terran
  • League: Gold

Stix

  • Race: Zerg Zerg
  • League: Gold

VOD

Have the link to the VOD?

Description

Time

  • Played on: Sept. 26, 2016, 6:27 p.m.
  • Length: 10:59
Show
View Real Time Build Order
Export as new Build Order

Nickos Terran - Winner!

Build Orders: Reaper Expand 

Get SALT Encoding   

  12  0:00  SCV  
  13  0:13  SCV  
  14  0:17  Supply Depot  
  14  0:25  SCV  
  15  0:39  SCV  
  15  0:40  Barracks  
  16  0:44  Refinery  
  16  0:51  SCV  
  17  1:03  SCV  
  18  1:15  SCV  
  19  1:32  Orbital Command  
  19  1:35  Reaper  
  20  1:54  Command Center  
  20  1:58  Supply Depot  
  20  2:10  SCV  
  20  2:12  Marine  
  22  2:35  SCV  
  23  2:38  Refinery  
  23  2:46  Marine  
  23  2:47  SCV  
  23  2:50  Barracks  
  25  2:59  SCV  
  26  3:09  Marine  
  27  3:15  Orbital Command  
  27  3:16  SCV  
  27  3:17  Factory  
  27  3:28  SCV  
  28  3:44  SCV x2  
  30  3:48  Barracks Tech Lab  
  30  3:55  Barracks Reactor  
  30  4:02  Factory Reactor, Starport  
  30  4:05  SCV x2  
  32  4:11  Bunker  
  32  4:18  Marauder  
  32  4:23  Stimpack  
  34  4:26  SCV x2  
  36  4:33  Marine x2  
  36  4:35  Supply Depot  
  36  4:38  SCV x2  
  39  4:40  Marauder  
  39  4:45  Liberator x2  
  42  4:49  Barracks  
  42  4:53  SCV x2  
  42  4:57  Supply Depot  
  42  4:58  Marine  
  42  4:59  Marine  
  46  5:05  SCV x2  
  54  5:19  SCV x2, Marauder, Marine x2  
  60  5:31  SCV x2  
  61  5:43  SCV  
  61  5:45  Bunker  
  62  6:02  Bunker  
  62  6:08  Barracks Tech Lab  
  62  6:09  Engineering Bay  
  62  6:11  Supply Depot  
  62  6:14  Medivac x2, Marine x2  
  62  6:15  SCV, Marauder  
  71  6:21  SCV  
  71  6:27  SCV  
  72  6:44  Medivac  
  74  6:52  Bunker  
  74  6:53  Marine x3  
  74  6:54  Marine  
  78  6:55  Medivac  
  80  7:03  Widow Mine  
  80  7:05  Barracks  
  82  7:10  SCV x2  
  82  7:12  Marauder  
  86  7:16  Bunker  
  86  7:33  SCV  
  86  7:39  SCV  
  86  7:44  Command Center, Marauder  
  86  7:46  Medivac  
  80  7:53  Marine  
  80  7:54  Marine x2  
  77  8:04  Liberator x2  
  77  8:05  Marine  
  78  8:11  Marine x2  
  78  8:12  Marine  
  80  8:23  Barracks Tech Lab  
  86  8:55  Liberator  
  86  8:56  Liberator, SCV x2, Marauder, Marine x2  
  90  9:08  SCV  
  89  9:11  Marine  
  89  9:13  Marine  
  89  9:14  Marauder  
  97  9:17  Marine  
  98  9:29  Marine  
  98  9:31  Marine  
  98  9:35  Marauder  
  101  9:40  Marauder  
  97  9:47  Marine  
  97  9:49  Marine  
  95  9:56  Marine  
  96  10:01  Marine  
  96  10:05  Marine  
  98  10:07  Marine  
  99  10:14  Marine  
  99  10:19  Marine  
  101  10:27  Medivac, Marine  
  101  10:37  Marine  
  101  10:39  Marine  
Show
View Real Time Build Order
Export as new Build Order

Stix Zerg 

Build Orders: Hatch First 

Get SALT Encoding   

  12  0:03  Drone  
  13  0:14  Overlord  
  13  0:17  Drone  
  14  0:35  Drone x2  
  16  0:38  Drone  
  17  1:00  Hatchery  
  17  1:02  Drone x2  
  18  1:09  Extractor  
  17  1:13  Drone  
  18  1:20  Drone  
  19  1:33  Drone  
  20  1:44  Overlord  
  20  1:53  Spawning Pool  
  19  2:10  Hatchery  
  18  2:24  Drone x5  
  23  2:41  Zergling x2  
  23  2:42  Zergling x2  
  23  2:43  Queen  
  27  2:46  Zergling x2  
  27  2:48  Zergling x2  
  28  3:00  Queen  
  28  3:01  Spine Crawler  
  28  3:19  Queen  
  30  3:22  Zergling x10  
  35  3:35  Zergling x6  
  35  3:36  Pneumatized Carapace  
  38  3:46  Queen  
  40  3:55  Drone x2  
  42  4:20  Drone, Roach Warren  
  42  4:21  Overlord  
  42  4:22  Overlord x2  
  42  4:45  Lair  
  42  5:03  Roach x9  
  60  5:22  Roach x3  
  60  5:27  Overlord x2  
  66  5:53  Overlord x5  
  66  6:03  Glial Reconstitution  
  66  6:21  Ravager x2  
  68  6:40  Evolution Chamber, Extractor  
  68  6:42  Drone x12  
  78  6:47  Extractor  
  77  7:16  Drone  
  77  7:17  Drone x11  
  89  7:26  Roach x3  
  65  8:01  Roach x12  
  65  8:02  Roach  
  89  8:08  Zerg Ground Armor Level 1  
  83  8:30  Overlord x2  
  83  8:31  Overlord x2  
  83  8:32  Drone x4  
  87  8:38  Overseer  
  87  8:50  Extractor  
  66  9:14  Zergling x2  
  66  9:15  Zergling x28  
  63  9:26  Zergling x10  
  37  9:58  Spore Crawler  
  37  9:59  Spore Crawler  
  32  10:03  Spore Crawler  
  32  10:05  Spore Crawler  
  21  10:16  Roach  
  21  10:17  Roach x7  
Tags
 
Add a new tag
Caveats
  • Supply blocks, unpowered buildings, or Contaminate may cause inaccurate times.
  • Supply counts are checked every 10 seconds.